 Dungeon Crawl Stone Soup version 0.30.1-11-g7821555f0a (webtiles) character file.

Game seed: 10656186679262723256

757 lonewolfV2 the Ducker (level 7, -7/57 HPs)
             Began as a Minotaur Fighter on Nov 3, 2023.
             Was a Believer of Lugonu.
             Mangled by Duvessa
             ... wielding a +3 short sword of speed
              (9 damage)
             ... on level 5 of the Dungeon.
             The game lasted 00:07:44 (4082 turns).

lonewolfV2 the Ducker (Minotaur Fighter)            Turns: 4082, Time: 00:07:45

Health: -7/57      AC:  6    Str: 26    XL:     7   Next: 50%
Magic:  8/8        EV: 11    Int:  5    God:    Lugonu [**....]
Gold:   264        SH:  9    Dex: 14    Spells: 6/6 levels left

rFire   . . .        a - +1 war axe
rCold   . . .        i - +0 kite shield
rNeg    . . .        b - +0 scale mail
rPois   .            (helmet unavailable)
rElec   .            (no cloak)
rCorr   .            (no gloves)
SInv    .            (no boots)
Will    +....        (no amulet)
Stlth   +            n - +6 ring of strength
HPRegen 0.29/turn    (no ring)
MPRegen 0.11/turn

%: no passive effects
@: mighty
A: horns 3, retaliatory headbutt, thin skeletal structure 1, strong-willed 1
a: Renounce Religion, Depart the Abyss, Banish


You were on level 5 of the Dungeon.
You worshipped Lugonu.
Lugonu was pleased with you.
You visited 1 branch of the dungeon, and saw 5 of its levels.

You collected 264 gold pieces.

Inventory:

Hand Weapons
 a - a +1 war axe (weapon)
Armour
 b - a +0 scale mail (worn)
 i - a +0 kite shield (worn)
Jewellery
 c - a +6 ring of strength
 n - a +6 ring of strength (left hand)
 r - a +4 ring of protection
Wands
 j - a wand of iceblast (4)
 o - a wand of flame (19)
 q - a wand of digging (5)
Scrolls
 l - 2 scrolls of teleportation
Potions
 d - a potion of might
 e - 2 potions of degeneration
 f - a potion of haste
 g - 2 potions of attraction
 h - a potion of brilliance {unknown}
 k - a potion of heal wounds {unknown}
 m - a potion of ambrosia {unknown}
 p - 2 potions of curing {unknown}


   Skills:
 - Level 3.6 Fighting
 - Level 5.3 Axes
 - Level 3.6 Armour
 - Level 6.1 Dodging
 - Level 3.6 Shields
 * Level 2.1 Unarmed Combat
 * Level 3.6 Invocations


You had 6 spell levels left.
You didn't know any spells.
Your spell library contained the following spells:

 Spells                   Type           Power      Damage    Failure   Level
 Lesser Beckoning         Tloc           0%         N/A       98%         2
 Gell's Gravitas          Tloc           0%         N/A       100%        3
 Teleport Other           Tloc           0%         N/A       100%        3
 Vhi's Electric Charge    Tloc/Air       0%         N/A       100%        3
 Summon Ice Beast         Ice/Summ       0%         N/A       100%        4
 Arcjolt                  Conj/Air       0%         1d10      100%        5
 Summon Mana Viper        Hex/Summ       0%         N/A       100%        5
 Monstrous Menagerie      Summ           0%         N/A       100%        7
 Maxwell's Capacitive Co  Air            0%         ∞         100%        8


Dungeon Overview and Level Annotations

Branches:
Dungeon (5/15)             Temple (0/1) D:5

Altars:
Dithmenos
Elyvilon
Gozag
Trog
Lugonu

Annotations:
D:5 Dowan, Duvessa


Innate Abilities, Weirdness & Mutations

You have a pair of large horns on your head.
You reflexively headbutt those who attack you in melee.
You have a somewhat thin skeletal structure. (Dex +2, Stealth+)
You are strong-willed. (Will+)


Message History

Dowan gestures wildly while chanting.
Dowan blinks!
Duvessa hits you with a +3 short sword of speed.
Duvessa says, "Where magic fails, the sword succeeds!"
Duvessa zaps a wand.
The puff of flame hits you but does no damage.
Duvessa hits you with a +3 short sword of speed!
Dowan casts a spell at you. The puff of flame hits you.
* * * LOW HITPOINT WARNING * * *
You hit Duvessa but do no damage.
Duvessa zaps a wand.
The puff of flame hits you!
* * * LOW HITPOINT WARNING * * *
You hit Duvessa but do no damage. You headbutt Duvessa!
Duvessa is heavily wounded.
Duvessa zaps a wand.
The puff of flame hits you.
* * * LOW HITPOINT WARNING * * *
You block Duvessa's attack.
Aiming: Iceblast
Press: ? - help, Q - select action, (/) - cycle Shift-Dir - straight line, f - Dowan
Aim: Dowan, wielding a +0 dagger and wearing a +0 robe The mass of ice explodes!
The iceblast engulfs Dowan!
Dowan is moderately wounded.
Duvessa says, "When magic and the sword combine, nothing stands against them."
You block Duvessa's attack.
You feel very mighty all of a sudden. Duvessa hits you but does no damage.
Dowan points at you and mumbles some strange words.
The puff of flame hits you.
* * * LOW HITPOINT WARNING * * *
Duvessa says, "My weaknesses are his strengths!"
Duvessa completely misses you. You furiously retaliate!
You headbutt Duvessa! You barely miss Duvessa. Your headbutt misses Duvessa.
Duvessa is severely wounded.
You closely miss Dowan.
Dowan gestures wildly while chanting.
Dowan blinks!
Duvessa says, "When magic and the sword combine, nothing stands against them."
Duvessa hits you with a +3 short sword of speed!
You die...

#.....<###.............#####....#
'............................>..#
#......######......###..........#
............#......#.....####...#
#.......###.#......#.....+....###
#.......# #........#.....###..#
........# ##.##.#####+######..#
........# #.##.###...#.......#
.#####'## #....@e....#....##.# ##
... #.###§###..#....##.# .# ..
.... #.#.........##+### .# .....#
#.###.##...#.....# .#........ ..#
..e #......#.....# .#........ #.#
#.##...#.....# .#........
......##...#.....# ##........
#.#.#.##...#.....# #......# ...
#.##+#.....###


You could see Duvessa and Dowan.

Vanquished Creatures
  Edmund (D:5)
  2 ice beasts
  A phantom (D:3)
  A hound (D:5)
  2 sleepcaps
  Jessica (D:2)
  2 iguanas (D:5)
  7 gnolls
  7 adders
  2 worms
  A dart slug (D:2)
  5 orcs
  5 endoplasms
  5 giant cockroaches
  4 goblins
  7 hobgoblins
  3 jackals (D:3)
  2 quokkas
  8 ball pythons
  A ball python skeleton (D:2)
  3 bats
  6 frilled lizards
  8 kobolds
  A quokka skeleton (D:2)
  2 rats (D:3)
87 creatures vanquished.

Notes
Turn   | Place    | Note
-------+----------+-------------------------------------------
     0 | D:1      | lonewolfV2 the Minotaur Fighter began the quest for the
                  | Orb.
     0 | D:1      | Reached XP level 1. HP: 19/19 MP: 0/0
    28 | D:1      | Reached skill level 1 in Dodging
    66 | D:1      | Reached XP level 2. HP: 26/26 MP: 1/1
   172 | D:1      | Reached skill level 2 in Dodging
   703 | D:2      | Reached XP level 3. HP: 31/31 MP: 2/2
   758 | D:2      | Noticed Jessica
   766 | D:2      | Killed Jessica
   767 | D:2      | Reached skill level 3 in Dodging
   953 | D:2      | Reached XP level 4. HP: 39/39 MP: 3/3
  1161 | D:2      | Found a faded altar of an unknown god.
  1240 | D:2      | Prayed at the altar of an unknown god.
  1240 | D:2      | Became a worshipper of Lugonu the Unformed
  1240 | D:2      | Reached * piety under Lugonu
  1615 | D:3      | Noticed an ice beast
  1625 | D:3      | Killed an ice beast
  1626 | D:3      | Reached skill level 4 in Dodging
  1626 | D:3      | Reached XP level 5. HP: 38/45 MP: 4/4
  1931 | D:3      | Noticed a phantom
  1946 | D:3      | Killed a phantom
  1947 | D:3      | Reached skill level 5 in Dodging
  1947 | D:3      | Reached skill level 1 in Invocations
  1947 | D:3      | Reached XP level 6. HP: 40/51 MP: 5/5
  2008 | D:3      | Reached ** piety under Lugonu
  2407 | D:4      | Gained mutation: You do not regenerate when monsters are
                  | visible. [potion of mutation]
  2407 | D:4      | Gained mutation: You occasionally lose the ability to read
                  | scrolls when taking damage. [potion of mutation]
  2408 | D:4      | Lost mutation: You do not regenerate when monsters are
                  | visible. [potion of mutation]
  2408 | D:4      | Lost mutation: You occasionally lose the ability to read
                  | scrolls when taking damage. [potion of mutation]
  2408 | D:4      | Gained mutation: You are strong-willed. (Will+) [potion of
                  | mutation]
  2408 | D:4      | Gained mutation: You have a somewhat thin skeletal
                  | structure. (Dex +2, Stealth+) [potion of mutation]
  2408 | D:4      | Gained mutation: You have a pair of large horns on your
                  | head. [potion of mutation]
  2696 | D:4      | Reached skill level 5 in Axes
  2715 | D:4      | Found an opulent altar of Gozag.
  2715 | D:4      | Found a shadowy altar of Dithmenos.
  2777 | D:4      | Found a white marble altar of Elyvilon.
  2778 | D:4      | Found a bloodstained altar of Trog.
  3451 | D:5      | Entered Level 5 of the Dungeon
  3495 | D:5      | Noticed an ice beast
  3500 | D:5      | Killed an ice beast
  3501 | D:5      | Reached XP level 7. HP: 57/57 MP: 7/7
  3585 | D:5      | Reached skill level 6 in Dodging
  3819 | D:5      | Found a staircase to the Ecumenical Temple.
  3893 | D:5      | Noticed Edmund
  3908 | D:5      | Killed Edmund
  4067 | D:5      | Noticed Duvessa
  4068 | D:5      | Noticed Dowan
  4081 | D:5      | HP: 2/57 [Dowan/puff of flame (2)]
  4082 | D:5      | Mangled by Duvessa

Illustrated notes

Levels and vault maps discovered:
D:1:      dpeg_arrival_shelter, layout_basic
D:2:      layout_basic, serial_undead, serial_undead_d, serial_undead_e,
          serial_undead_e, serial_undead_b,
          shapermc_ecumenical_altar_flowoftime, uniq_jessica
D:3:      layout_basic
D:4:      layout_gridville, mainiacjoe_overflow_alcove_3
D:5:      layout_basic, minmay_temple_entry_drinking_statues, serial_shops,
          nicolae_inconvenience_store, minmay_misc_feat_roman, uniq_duvessa,
          uniq_edmund

Skill      XL: |  1  2  3  4  5  6  7 |
---------------+----------------------+-----
Dodging        | 1 2 3 4 5 6 |  6.1
Axes           | 3 4 5 |  5.3
Invocations    | 1 2 3 |  3.6
Unarmed Combat | 2 |  2.1
Fighting       | |  3.6
Armour         | |  3.6
Shields        | |  3.6

Action                     |  1- 3 |  4- 6 |  7- 9 || total
---------------------------+-------+-------+-------++-------
  Melee: War axe           |    46 |   111 |    27 ||   184
         Headbutt          |     7 |    24 |     7 ||    38
  Evoke: Wand              |       |       |     1 ||     1
    Use: Scroll            |     3 |     9 |       ||    12
         Potion            |       |     2 |     1 ||     3
 Armour: Scale mail        |    22 |    41 |     2 ||    65
  Dodge: Dodged            |    20 |    57 |    14 ||    91
  Block: Buckler           |    13 |     3 |       ||    16
         Kite shield       |       |    52 |    13 ||    65
